 Dungeon Crawl Stone Soup version 0.28.0-43-g3370ac3207 (webtiles) character file.

Game seed: 16280791933514887431

4971 Peloso the Carver (level 10, -10/88 HPs)
             Began as a Minotaur Fighter on Feb 28, 2022.
             Was a Priest of Okawaru.
             Mangled by Harold
             ... wielding a +0 broad axe
              (35 damage)
             ... on level 8 of the Dungeon.
             The game lasted 00:10:28 (8209 turns).

Peloso the Carver (Minotaur Fighter)                Turns: 8209, Time: 00:10:28

Health: -10/88     AC: 11    Str: 29    XL:     10   Next: 28%
Magic:  9/9        EV: 10    Int:  5    God:    Okawaru [***...]
Gold:   425        SH:  0    Dex: 18    Spells: 9/9 levels left

rFire   . . .      SeeInvis .   a - +0 long sword
rCold   . . .      Faith    .   c - +0 buckler
rNeg    . . .      Spirit   .   e - +0 chain mail
rPois   .          Reflect  .   (helmet restricted)
rElec   .          Harm     .   (no cloak)
rCorr   .          Rampage  .   (no gloves)
Will    .....                   (no boots)
Stlth   ..........              (no amulet)
HPRegen 0.24/turn               u - +6 ring of strength
MPRegen 0.11/turn               A - +6 ring of dexterity

@: confused, ambrosia-drunk, marked
A: horns 2, retaliatory headbutt
a: Renounce Religion, Heroism


You were on level 8 of the Dungeon.
You worshipped Okawaru.
Okawaru was most pleased with you.
You visited 2 branches of the dungeon, and saw 9 of its levels.

You collected 425 gold pieces.

Inventory:

Hand Weapons
 a - a +0 long sword (weapon)
Missiles
 B - a throwing net (quivered)
Armour
 b - a +0 scale mail
 c - a +0 buckler (worn)
 e - a +0 chain mail (worn)
 D - +0 acid dragon scales
Jewellery
 s - a ring of willpower
 u - a +6 ring of strength (left hand)
 v - a ring of ice
 A - a +6 ring of dexterity (right hand)
 F - a +6 ring of dexterity
Wands
 i - a wand of mindburst (23)
 x - a wand of charming (10)
 y - a wand of paralysis (2)
Scrolls
 f - a scroll of torment {unknown}
 g - 2 scrolls of fog {unknown}
 k - a scroll of acquirement
 l - 3 scrolls of enchant weapon {unknown}
 p - 4 scrolls of fear {unknown}
 q - 2 scrolls of magic mapping {unknown}
 w - 2 scrolls of amnesia {unknown}
Potions
 d - 3 potions of might
 j - 2 potions of flight {unknown}
 m - 2 potions of degeneration {unknown}
 n - 3 potions of attraction {unknown}
 o - a potion of lignification {unknown}
 r - 2 potions of magic {unknown}
 t - a potion of mutation {unknown}
 z - 2 potions of resistance {unknown}
 C - a potion of experience {unknown}
 E - 2 potions of heal wounds {unknown}
 G - a potion of curing


   Skills:
 + Level 8.2 Fighting
 + Level 11.1 Long Blades
 + Level 10.2 Armour
 + Level 3.2 Dodging
 + Level 2.6 Stealth
 + Level 7.2 Shields
 + Level 0.2 Invocations
 + Level 0.1 Evocations


You had 9 spell levels left.
You didn't know any spells.
Your spell library contained the following spells:

 Spells                   Type           Power      Damage    Failure   Level
 Shock                    Conj/Air       0%         1d3       95%         1
 Inner Flame              Hex/Fire       0%         N/A       100%        3
 Swiftness                Air            0%         N/A       100%        3
 Airstrike                Air            0%         N/A       100%        4
 Anguish                  Hex/Necr       0%         N/A       100%        4
 Cause Fear               Hex            0%         N/A       100%        4
 Enfeeble                 Hex            0%         N/A       100%        7
 Discord                  Hex            0%         N/A       100%        8
 Summon Small Mammal      Summ           Unusable   N/A       N/A         1
 Call Canine Familiar     Summ           Unusable   N/A       N/A         3
 Summon Guardian Golem    Hex/Summ       Unusable   N/A       N/A         3
 Tukima's Dance           Hex            Unusable   N/A       N/A         3

Dungeon Overview and Level Annotations

Branches:
Dungeon (8/15)             Temple (1/1) D:6
   Lair: D:8-11

Altars:
Ashenzari
Cheibriados
Dithmenos
Elyvilon
Fedhas
Gozag
Hepliaklqana
Kikubaaqudgha
Makhleb
Nemelex Xobeh
Okawaru
Qazlal
Ru
Sif Muna
Trog
Uskayaw
Vehumet
Wu Jian
Yredelemnul
Zin

Shops:
D:2 *   D:4 [

Annotations:
D:8 Harold


Innate Abilities, Weirdness & Mutations

You have a pair of horns on your head.
You reflexively headbutt those who attack you in melee.


Message History

Harold is lightly wounded.
Harold gestures at you while chanting. The mark upon you grows brighter.
You slash Harold!
Harold is moderately wounded.
Harold hits you with a +0 broad axe!!
* * * LOW HITPOINT WARNING * * *
You fail to use your ability.
Harold hits you with a +0 broad axe!
* * * LOW HITPOINT WARNING * * *
Okay, then.
You are confused.
You feel invigorated.
Harold drinks a potion.
Harold seems to grow stronger.
You completely miss Harold.
Harold is moderately wounded.
Harold closely misses you.
Unknown command.
Unknown command.
You hit Harold.
Harold is moderately wounded.
You feel less invigorated.
You feel less confused. Harold casts a spell at you.
The mark upon you grows brighter.
Unknown command.
You are confused.
You feel invigorated. Harold hits you with a +0 broad axe!
* * * LOW HITPOINT WARNING * * *
Unknown command.
You slash Harold! You headbutt Harold, but do no damage.
Harold is moderately wounded.
Unknown command.
You closely miss Harold.
Harold is moderately wounded.
Harold hits you with a +0 broad axe!
* * * LOW HITPOINT WARNING * * *
Unknown command.
You barely miss Harold.
Harold is moderately wounded.
Harold hits you with a +0 broad axe!!
You die...

#.......#..#......
#.......#..#....##
#>......#.<'....##
#..|....#..#....#.
#..##..##..###..##
#..##..###########
#.................
#.....(...........
#@........†.......
#@.###..#..###..##
##'# #########..##
... #...... #....
#...... #..#..
##..### #..####
####.. #... #._
#... #..


You could see Harold (strong).

Vanquished Creatures
  Pikel (D:6)
  Maggie (D:7)
  A komodo dragon (D:7)
  Sigmund (D:3)
  A shadow (D:5)
  5 yaks (D:8)
  A wyvern (D:7)
  Grum (D:8)
  2 water moccasins
  An ice beast (D:7)
  3 necrophages
  2 wolves (D:8)
  A lemure (D:6)
  3 phantoms
  3 bullfrogs
  2 scorpions
  A wyvern zombie (D:8)
  5 killer bees (D:8)
  3 wights
  4 howler monkeys
  A centaur zombie (D:6)
  2 bullfrog zombies
  A gnoll shaman (D:6)
  3 centaur skeletons
  4 hounds
  A jelly (D:8)
  3 orc priests
  Jessica (D:3)
  Terence (D:3)
  2 iguanas
  5 orc wizards
  A killer bee zombie (D:7)
  5 gnolls
  2 adders (D:3)
  3 shadow imps
  A white imp (D:6)
  2 ufetubi
  An adder zombie (D:5)
  2 worms
  2 dart slugs
  15 orcs
  3 ball pythons
  2 endoplasms
  A giant cockroach (D:4)
  6 hobgoblins
  3 jackals (D:3)
  3 kobolds
  A quokka (D:4)
  3 bats
  3 frilled lizards
  6 goblins
  4 rats
135 creatures vanquished.

Vanquished Creatures (others)
  3 plants (D:4)
3 creatures vanquished.

Grand Total: 138 creatures vanquished

Notes
Turn   | Place    | Note
-------+----------+-------------------------------------------
     0 | D:1      | Peloso the Minotaur Fighter began the quest for the Orb.
     0 | D:1      | Reached XP level 1. HP: 19/19 MP: 0/0
   609 | D:1      | Found a faded altar of an unknown god.
   719 | D:2      | Reached XP level 2. HP: 24/27 MP: 1/1
   773 | D:2      | Found Etsymiqo's General Store.
   978 | D:2      | Found a burning altar of Makhleb.
  1204 | D:3      | Noticed Sigmund
  1396 | D:3      | Reached skill level 3 in Long Blades
  1415 | D:3      | Killed Sigmund
  1416 | D:3      | Reached skill level 4 in Long Blades
  1416 | D:3      | Reached XP level 3. HP: 11/34 MP: 2/2
  1416 | D:3      | Reached XP level 4. HP: 13/41 MP: 3/3
  1416 | D:3      | Reached XP level 5. HP: 15/47 MP: 4/4
  1693 | D:3      | Noticed Terence
  1702 | D:3      | Killed Terence
  1703 | D:3      | Reached skill level 5 in Armour
  1810 | D:3      | Noticed Jessica
  1814 | D:3      | Killed Jessica
  2092 | D:4      | Reached XP level 6. HP: 51/53 MP: 5/5
  2096 | D:4      | Reached skill level 5 in Long Blades
  2329 | D:4      | Found a white marble altar of Elyvilon.
  2739 | D:4      | Found Hofeojesmeu's Antique Armour Shoppe.
  2770 | D:4      | Found a shadowy altar of Dithmenos.
  2833 | D:4      | Reached skill level 5 in Fighting
  2934 | D:4      | Reached XP level 7. HP: 55/61 MP: 6/6
  3130 | D:5      | Entered Level 5 of the Dungeon
  3455 | D:5      | Reached skill level 6 in Long Blades
  3455 | D:5      | Reached skill level 5 in Shields
  3490 | D:5      | Noticed a shadow
  3509 | D:5      | Reached skill level 1 in Dodging
  3515 | D:5      | Killed a shadow
  4017 | D:5      | Reached skill level 7 in Long Blades
  4017 | D:5      | Reached XP level 8. HP: 63/70 MP: 7/7
  4149 | D:5      | Identified a scroll of acquirement
  4190 | D:6      | Found a staircase to the Ecumenical Temple.
  4199 | Temple   | Entered the Ecumenical Temple
  4415 | Temple   | Became a worshipper of Warmaster Okawaru
  4686 | D:6      | Reached skill level 8 in Long Blades
  4844 | D:6      | Noticed Pikel
  4854 | D:6      | Paralysed by Pikel for 5 turns
  4861 | D:6      | Killed Pikel
  4861 | D:6      | Reached * piety under Okawaru
  4862 | D:6      | Reached skill level 9 in Long Blades
  4862 | D:6      | Reached XP level 9. HP: 36/78 MP: 8/8
  5999 | D:7      | Reached ** piety under Okawaru
  6200 | D:7      | Noticed Maggie
  6217 | D:7      | Killed Maggie
  6218 | D:7      | Reached skill level 1 in Stealth
  6354 | D:7      | Noticed a komodo dragon
  6373 | D:7      | Killed a komodo dragon
  6378 | D:7      | Reached skill level 10 in Long Blades
  6633 | D:7      | Reached *** piety under Okawaru
  7013 | D:8      | Noticed Grum
  7332 | D:8      | Killed Grum
  7333 | D:8      | Reached XP level 10. HP: 77/88 MP: 9/9
  7467 | D:8      | Reached skill level 10 in Armour
  7825 | D:8      | Found a shimmering blue altar of Sif Muna.
  7825 | D:8      | Found a hazy altar of Hepliaklqana.
  7861 | D:8      | Reached skill level 11 in Long Blades
  8192 | D:8      | Noticed Harold
  8209 | D:8      | Mangled by Harold

Illustrated notes

Levels and vault maps discovered:
D:1:      saegor_arrival_simple_e, layout_basic, basic_ecumenical_altar,
          minmay_crystal_room
D:2:      layout_rooms, serial_shops, nicolae_shop_statue_plus, basic_altar,
          nrook_loot_triangle
D:3:      layout_basic, kennysheep_generic_room_12, uniq_jessica, uniq_sigmund,
          uniq_terence
D:4:      cheibrodos_old_hovel, layout_gridville, old_standard_altar,
          grunt_dithmenos_smoke, serial_shops, nicolae_shop_hallway_plus
D:5:      layout_loops_cross, cheibrodos_gnoll_hut
D:6:      layout_basic, minmay_temple_entry_stoned_glass, uniq_pikel
D:7:      layout_rooms, uniq_maggie
D:8:      layout_gridville, mainiacjoe_overflow_divided_tiny,
          roderic_serpentine_path, minmay_misc_feat_room, uniq_harold,
          uniq_grum, uniq_psyche
Temple:   mainiacjoe_temple_coin_purse

Skill      XL: |  1  2  3  4  5  6  7  8  9 10 |
---------------+-------------------------------+-----
Fighting       | 4 5 6 7 8 |  8.2
Armour         | 4 5 6 7 8 9 10 | 10.2
Shields        | 4 5 7 |  7.2
Long Blades    | 4 5 7 9 10 11 | 11.1
Dodging        | 1 2 3 |  3.2
Stealth        | 2 |  2.6
Invocations    | |  0.2
Evocations     | |  0.1

Action                   |  1- 3 |  4- 6 |  7- 9 | 10-12 || total
-------------------------+-------+-------+-------+-------++-------
Melee: Long sword        |    57 |    85 |   287 |    65 ||   494
       Headbutt          |     6 |    22 |    59 |    14 ||   101
Invok: Heroism           |       |       |     2 |     1 ||     3
Evoke: Wand              |       |       |     1 |     2 ||     3
  Use: Scroll            |       |       |     3 |       ||     3
       Potion            |       |       |     1 |     3 ||     4
 Stab: Paralysed         |       |       |     6 |       ||     6
Armor: Chain mail        |    26 |    50 |   169 |    20 ||   265
Dodge: Dodged            |    24 |    27 |   121 |    20 ||   192
Block: Buckler           |    10 |    24 |    71 |    10 ||   115
